 Dungeon Crawl Stone Soup version 0.29-a0-275-g389c0b56f3 (webtiles) character file.

Game seed: 8452693027381335378

83 YayAnonymity the Chopper (level 4, 0/33 HPs)
             Began as a Demonspawn Gladiator on Mar 13, 2022.
             Slain by Grinder (4 damage)
             ... on level 3 of the Dungeon.
             The game lasted 00:02:55 (2539 turns).

YayAnonymity the Chopper (Demonspawn Gladiator)     Turns: 2539, Time: 00:02:56

Health: 0/33       AC:  5    Str: 16    XL:     4   Next: 22%
Magic:  4/4        EV: 12    Int:  9    God:
Gold:   112        SH:  0    Dex: 15    Spells: 3/3 levels left

rFire   . . .      SeeInvis .   g - +1 whip (venom)
rCold   . . .      Faith    .   (no shield)
rNeg    . . .      Spirit   .   b - +0 leather armour
rPois   .          Reflect  .   (helmet restricted)
rElec   .          Harm     .   n - +1 cloak
rCorr   .          Rampage  .   (no gloves)
Will    .....                   (no boots)
Stlth   +.........              (no amulet)
HPRegen 0.11/turn               (no ring)
MPRegen 0.09/turn               (no ring)

@: no status effects
A: horns 1, powered by pain 1
a: no special abilities


You were on level 3 of the Dungeon.
You visited 1 branch of the dungeon, and saw 3 of its levels.

You collected 112 gold pieces.

Inventory:

Hand Weapons
 a - a +0 war axe
 g - a +1 whip of venom (weapon)
Missiles
 d - 3 throwing nets (quivered)
 e - a javelin
 i - 6 poisoned darts
Armour
 b - a +0 leather armour (worn)
 n - a +1 cloak (worn)
Jewellery
 q - a ring of protection from fire
 s - an amulet of reflection
Scrolls
 f - 3 scrolls of identify {unknown}
 h - 3 scrolls of magic mapping {unknown}
 j - 3 scrolls of immolation {unknown}
 k - a scroll of summoning {unknown}
 l - 2 scrolls of noise {unknown}
 m - a scroll of teleportation {unknown}
 o - a scroll of enchant armour {unknown}
 r - a scroll of brand weapon {unknown}
Potions
 c - a potion of curing {unknown}
 p - a potion of mutation {unknown}


   Skills:
 - Level 2.0 Fighting
 + Level 4.6 Axes
 - Level 1.7 Throwing
 - Level 2.6 Dodging


You had 3 spell levels left.
You didn't know any spells.
Your spell library contained the following spells:

 Spells                   Type           Power      Damage    Failure   Level
 Shock                    Conj/Air       0%         1d3       45%         1
 Swiftness                Air            0%         N/A       83%         3
 Airstrike                Air            0%         N/A       99%         4


Dungeon Overview and Level Annotations

Branches:
Dungeon (3/15)

Altars:

Shops:
D:3 *

Annotations:
D:3 Grinder


Innate Abilities, Weirdness & Mutations

You have a pair of small horns on your head.
You sometimes gain a little power by taking damage.


Message History

You start resting.
HP restored.
You climb downwards.
Level annotation: Grinder Grinder says, "Tell me all your secrets, or I'll kill you."
There is a stone staircase leading up, spattered with blood here.
You hit Grinder but do no damage.
Grinder is poisoned.
You headbutt Grinder.
Grinder is lightly wounded.
Grinder hits you.
You writhe in agony.
You barely miss Grinder.
Grinder is lightly wounded.
Grinder barely misses you.
You hit Grinder but do no damage. You headbutt Grinder.
Grinder is lightly wounded.
Grinder hits you but does no damage.
You hit Grinder.
Grinder is moderately wounded.
Grinder looks more healthy.
Grinder hits you.
You writhe in agony.
You hit Grinder.
Grinder is moderately wounded.
Grinder barely misses you.
You barely miss Grinder.
Grinder is moderately wounded.
Grinder gestures at you. You resist with significant effort.
You closely miss Grinder.
Grinder is moderately wounded.
Grinder hits you!
You writhe in agony.
You hit Grinder.
Grinder is poisoned.
Grinder is moderately wounded.
Grinder hits you but does no damage.
You hit Grinder.
Grinder looks as sick as possible!
You headbutt Grinder.
Grinder is heavily wounded.
Grinder says, "Tell me all your secrets, or I'll kill you."
Grinder hits you.
You writhe in agony.
* * * LOW HITPOINT WARNING * * *
Grinder completely misses you.
Grinder blinks!
Grinder attacks as you move away! Grinder hits you.
You die...

###### #<...#
#§.@.# #...5#
#....# ....
#....# ....
##....# ....#
#.....#
...##.....#
#.#...∩..# .
#....########


You could see Grinder (extremely poisoned).

Vanquished Creatures
  A gnoll (D:1)
  3 adders
  3 worms (D:2)
  2 endoplasms
  2 giant cockroaches (D:2)
  3 goblins
  2 hobgoblins (D:1)
  4 jackals (D:2)
  2 quokkas
  5 ball pythons (D:1)
  4 bats
  A frilled lizard (D:1)
  4 kobolds
  3 rats
39 creatures vanquished.

Vanquished Creatures (others)
  A plant (D:1)
1 creature vanquished.

Grand Total: 40 creatures vanquished

Notes
Turn   | Place    | Note
-------+----------+-------------------------------------------
     0 | D:1      | YayAnonymity the Demonspawn Gladiator began the quest for
                  | the Orb.
     0 | D:1      | Reached XP level 1. HP: 16/16 MP: 1/1
    20 | D:1      | Reached skill level 3 in Axes
    20 | D:1      | Gained mutation: You have a pair of small horns on your
                  | head. [demonic ancestry]
    20 | D:1      | Reached XP level 2. HP: 16/22 MP: 2/2
   250 | D:1      | Found a faded altar of an unknown god.
   878 | D:1      | Gained mutation: You sometimes gain a little power by
                  | taking damage. [demonic ancestry]
   878 | D:1      | Reached XP level 3. HP: 27/27 MP: 3/3
  1327 | D:2      | Reached skill level 4 in Axes
  2281 | D:3      | Found Qixkokk's General Store.
  2296 | D:3      | Reached XP level 4. HP: 26/33 MP: 4/4
  2405 | D:3      | Noticed Grinder
  2416 | D:3      | Paralysed by Grinder for 4 turns
  2427 | D:3      | Paralysed by Grinder for 6 turns
  2442 | D:3      | Paralysed by Grinder for 4 turns
  2539 | D:3      | Slain by Grinder

Illustrated notes

Levels and vault maps discovered:
D:1:      onia_arrival_pyramid, layout_loops_ring, serial_bayou,
          serial_bayou_shore_a, serial_bayou_pond_e, serial_bayou_crossing,
          serial_bayou_pond_d, ebering_ecumenical_altar_rust,
          minmay_misc_feat_cross, minmay_misc_feat_doors,
          hangedman_decor_peaks_small, nrook_mini_backslash
D:2:      layout_basic
D:3:      layout_rooms, nicolae_elyvilon_peaceful_grove, serial_shops, shop,
          grunt_ministairs_2, nicolae_grassy_gnolls, uniq_grinder

Skill      XL: |  1  2  3 |
---------------+----------+-----
Axes           | 3 4 |  4.6
Fighting       | |  2.0
Throwing       | |  1.7
Dodging        | |  2.6

Action                   |  1- 3 |  4- 6 || total
-------------------------+-------+-------++-------
Melee: War axe           |     3 |       ||     3
       Whip              |    95 |    18 ||   113
       Headbutt          |    15 |     7 ||    22
Armor: Leather armour    |    21 |     3 ||    24
Dodge: Dodged            |    64 |     7 ||    71

Table legend: (Time is in decaauts)
 A = Elapsed time spent in this place.
 B = Non-inter-level travel time spent in this place.
 C = Inter-level travel time spent in this place.
 D = Time resting spent in this place.
 E = Time spent auto-exploring this place.
 F = Levels seen in this place.
 G = Mean time per level.
                   A        B        C        D        E       F      G
               +--------+--------+--------+--------+--------+-----+--------+
         Total |   2561 |   2515 |     46 |     76 |   2088 |   3 |  853.7 |
       Dungeon |   2561 |   2515 |     46 |     76 |   2088 |   3 |  853.7 |
               +--------+--------+--------+--------+--------+-----+--------+

Top non-repeatable levels by time:
     D:1: 1205 daAuts
     D:2: 1175 daAuts
     D:3: 180 daAuts
